 Dungeon Crawl Stone Soup version 0.30.1-11-g7821555f0a (webtiles) character file.

Game seed: 15343414685729377112

55 ChrisAssaf the Gusty (level 4, -33/31 HPs)
             Began as a Human Air Elementalist on Dec 26, 2023.
             Annihilated by an ogre
             ... wielding a +0 giant club
              (34 damage)
             ... on level 4 of the Dungeon.
             The game lasted 00:06:07 (1370 turns).

ChrisAssaf the Gusty (Human Air Elementalist)       Turns: 1370, Time: 00:06:09

Health: -33/31     AC:  2    Str:  9    XL:     4   Next: 14%
Magic:  1/7        EV: 12    Int: 17    God:
Gold:   79         SH:  0    Dex: 13    Spells: 1/7 levels left

rFire   x . .        d - +0 sling
rCold   + . .        (no shield)
rNeg    . . .        a - +0 robe
rPois   .            (no helmet)
rElec   .            (no cloak)
rCorr   .            (no gloves)
SInv    .            (no boots)
Will    .....        (no amulet)
Stlth   ++           l - ring of ice
HPRegen 0.25/turn    (no ring)
MPRegen 0.10/turn

%: no passive effects
@: swift, very slightly contaminated, very quick
A: no striking features
a: no special abilities


You were on level 4 of the Dungeon.
You visited 1 branch of the dungeon, and saw 4 of its levels.

You collected 79 gold pieces.

Inventory:

Hand Weapons
 d - a +0 sling (weapon)
Armour
 a - a +0 robe (worn)
Jewellery
 l - a ring of ice (left hand)
Scrolls
 g - a scroll of teleportation {unknown}
 m - a scroll of vulnerability {unknown}
 n - a scroll of noise {unknown}
Potions
 c - a potion of might {unknown}
 e - a potion of berserk rage
 f - a potion of mutation {unknown}
 h - a potion of flight {unknown}
 i - a potion of haste {unknown}
 k - a potion of resistance {unknown}


   Skills:
 * Level 0.5 Fighting
 * Level 1.4 Ranged Weapons
 * Level 0.6 Armour
 * Level 2.2 Dodging
 * Level 2.2 Stealth
 * Level 2.2 Spellcasting
 * Level 1.3 Conjurations
 * Level 3.4 Air Magic


You had one spell level left.
You knew the following spells:

 Your Spells              Type           Power      Damage    Failure   Level
a - Shock                 Conj/Air       40%        1d5       7%          1
b - Static Discharge      Conj/Air       20%        2-3/arc   11%         2
c - Swiftness             Air            13%        N/A       14%         3

Your spell library contained the following spells:

 Spells                   Type           Power      Damage    Failure   Level
 Airstrike                Air            6%         2d(1-17)  41%         4


Dungeon Overview and Level Annotations

Branches:
Dungeon (4/15)
 Temple: D:4-7

Altars:


Message History

Things that are here:
a boomerang; a +0 club You see here a hobgoblin skeleton.
There is an escape hatch in the floor here.
You slide downwards.
The hatch slams shut behind you.
Found a murky pink potion.
As you read the scroll labelled ULOEKU NIYDOOH, it crumbles to dust.
It is a scroll of amnesia.
Really abort (and waste the scroll)?
Okay, then.
The hound misses you.
The ogre hits you with a +0 giant club!!
Ouch! That really hurt!
* * * LOW HITPOINT WARNING * * *
The hound bites you.
* * * LOW HITPOINT WARNING * * *
Casting: Static Discharge (safe; 11% risk of failure)
Confirm with . or Enter, or press ? or * to list all spells.
The spell is quite dangerous to miscast (14% risk of failure)!
Continue anyway?
You miscast Swiftness.
You are very lightly contaminated with residual magic.
Nothing appears to happen.
The hound barely misses you. The ogre closely misses you.
The hound closely misses you.
Casting: Swiftness (quite dangerous; 14% risk of failure)
Confirm with . or Enter, or press ? or * to list all spells.
The spell is quite dangerous to miscast (14% risk of failure)!
Continue anyway?
You feel quick. The hound bites you.
* * * LOW HITPOINT WARNING * * *
You shoot a sling bullet. The sling bullet hits the hound.
The hound is moderately wounded.
The hound barely misses you. The ogre completely misses you.
The hound misses you.
You shoot a sling bullet.
The sling bullet closely misses the hound.
The hound bites you.
* * * LOW HITPOINT WARNING * * *
The ogre hits you with a +0 giant club!!
Ouch! That really hurt!
You die...

#....#
#....#
##....#
.....#
#....#
..###....##
..........#
..!....@(.#
##.##..hO.#
#..>..#
#.....#
#...)<#
#......#
#....=...#
########.#
.#


You could see an ogre and a hound.

Vanquished Creatures
  2 adders (D:3)
  2 dart slugs
  2 orcs
  3 endoplasms
  3 giant cockroaches
  2 goblins
  4 hobgoblins
  A quokka (D:3)
  2 bats (D:2)
  2 frilled lizards
  3 kobolds
  4 rats
30 creatures vanquished.

Notes
Turn   | Place    | Note
-------+----------+-------------------------------------------
     0 | D:1      | ChrisAssaf the Human Air Elementalist began the quest for
                  | the Orb.
     0 | D:1      | Reached XP level 1. HP: 13/13 MP: 3/3
   267 | D:1      | Reached XP level 2. HP: 19/19 MP: 1/5
   270 | D:1      | Learned a level 2 spell: Static Discharge
   867 | D:2      | Reached XP level 3. HP: 23/24 MP: 3/6
   871 | D:2      | Learned a level 3 spell: Swiftness
  1148 | D:3      | Reached skill level 1 in Ranged Weapons
  1278 | D:3      | Reached XP level 4. HP: 23/31 MP: 0/7
  1318 | D:4      | Noticed an ogre
  1370 | D:4      | HP: 1/31 [hound (2)]
  1370 | D:4      | Annihilated by an ogre

Illustrated notes

Levels and vault maps discovered:
D:1:      minmay_arrival_solitary_statue, layout_loops_ring,
          basic_ecumenical_altar
D:2:      layout_loops_cross, solitary_fountain
D:3:      layout_loops_corners, mainiacjoe_overflow_brackets, serial_glass,
          glass_columns_c, glass_columns_a, st_stairs_9
D:4:      minmay_bubble_buster, layout_rooms, elyvilon_altar_1,
          chequers_serial_rivers_micro_a, minmay_fractal_squares_5, uniq_natasha

Skill      XL: |  1  2  3 |
---------------+----------+-----
Ranged Weapons | 1 |  1.4
Fighting       | |  0.5
Armour         | |  0.6
Dodging        | |  2.2
Stealth        | |  2.2
Spellcasting   | |  2.2
Conjurations   | |  1.3
Air Magic      | |  3.4

Action                     |  1- 3 |  4- 6 || total
---------------------------+-------+-------++-------
   Fire: Sling             |    50 |     3 ||    53
   Cast: Shock             |    10 |       ||    10
         Static Discharge  |    11 |     4 ||    15
         Swiftness         |       |     1 ||     1
    Use: Scroll            |     1 |     1 ||     2
         Potion            |       |     1 ||     1
 Armour: Robe              |     5 |     1 ||     6
  Dodge: Dodged            |    14 |     8 ||    22
